 Dungeon Crawl Stone Soup version 0.30-b1-2-g02819fbbbe (webtiles) character file.

Game seed: 8965084898055848562

2186 Barriton the Destroyer (level 9, 0/67 HPs)
             Began as a Pale Draconian Conjurer on May 12, 2023.
             Slain by a yak (7 damage)
             ... on level 7 of the Dungeon.
             The game lasted 00:15:09 (9279 turns).

Barriton the Destroyer (Pale Draconian Conjurer)    Turns: 9279, Time: 00:15:09

Health: 0/67       AC: 11    Str: 11    XL:     9   Next: 11%
Magic:  4/18       EV: 12    Int: 28    God:
Gold:   350        SH:  0    Dex:  9    Spells: 16/20 levels left

rFire   + . .        a - +1 quarterstaff
rCold   + + .        (shield currently unavailable)
rNeg    . . .        (body armour unavailable)
rPois   +            (helmet restricted)
rElec   +            f - +0 cloak
rCorr   +            (no gloves)
SInv    .            g - +2 pair of boots
Will    .....        (no amulet)
Stlth   ++           h - ring of protection from cold
HPRegen 0.31/turn    n - +6 ring of intelligence
MPRegen 0.16/turn

%: no passive effects
@: mighty, resistant
A: breathe steam, AC +7, unfitting armour, cold-blooded, steam resistance
a: Breathe Steam


You were on level 7 of the Dungeon.
You visited 1 branch of the dungeon, and saw 8 of its levels.

You collected 350 gold pieces.

Inventory:

Hand Weapons
 a - a +1 quarterstaff (weapon)
Armour
 f - a +0 cloak (worn)
 g - a +2 pair of boots (worn)
Jewellery
 h - a ring of protection from cold (left hand)
 n - a +6 ring of intelligence (right hand)
Wands
 l - a wand of roots (11)
 o - a wand of quicksilver (5)
 t - a wand of polymorph (10)
 u - a wand of paralysis (5)
Scrolls
 c - a scroll of teleportation
Potions
 b - 3 potions of attraction
 d - 2 potions of degeneration
 e - 3 potions of curing
 i - a potion of cancellation
 k - 2 potions of brilliance
 m - a potion of ambrosia
 p - a potion of lignification {unknown}
 r - 3 potions of haste


   Skills:
 + Level 2.1 Fighting
 + Level 3.7 Dodging
 + Level 3.5 Stealth
 - Level 2.5 Unarmed Combat
 + Level 6.4 Spellcasting
 + Level 8.1 Conjurations
 * Level 3.9 Fire Magic


You had 16 spell levels left.
You knew the following spells:

 Your Spells              Type           Power      Damage    Failure   Level
a - Magic Dart            Conj           100%       1d8       1%          1
b - Searing Ray           Conj           100%       2d8       1%          2
c - Foxfire               Conj/Fire      100%       2x1d9     1%          1

Your spell library contained the following spells:

 Spells                   Type           Power      Damage    Failure   Level
 Dazzling Flash           Conj/Hex       62%        N/A       3%          3
 Hailstorm                Conj/Ice       31%        3d8       3%          3
 Apportation              Tloc           18%        N/A       6%          1
 Necrotise                Necr           36%        1d5       6%          1
 Summon Small Mammal      Summ           36%        N/A       6%          1
 Fulminant Prism          Conj/Hex       15%        3d11      11%         4
 Iskenderun's Mystic Bla  Conj/Tloc      31%        2d8       11%         4
 Fireball                 Conj/Fire      21%        3d10      14%         5
 Ice Form                 Ice/Tmut       9%         N/A       50%         4
 Starburst                Conj/Fire      21%        6d7       58%         6
 Plasma Beam              Fire/Air       10%        2x1d23    98%         6
 Simulacrum               Ice/Necr       4%         N/A       100%        6


Dungeon Overview and Level Annotations

Branches:
Dungeon (8/15)             Temple (0/1) D:5
   Lair: D:8-11

Altars:
Ashenzari
Cheibriados
Kikubaaqudgha
Qazlal
Vehumet
Wu Jian
Zin

Shops:
D:1 (   D:3 (   D:6 *

Annotations:
D:4 3 runed translucent doors, BobG's ghost, amateur MiBe


Innate Abilities, Weirdness & Mutations

You can breathe blasts of scalding, opaque steam.
Your pale cyan-grey scales are hard. (AC +7)
You cannot fit into any form of body armour.
You are cold-blooded and may be slowed by cold attacks.
You are immune to the effects of steam.


Message History

The yak attacks as you move away! The yak gores you!
* * * LOW HITPOINT WARNING * * *
The yak attacks as you move away! The yak barely misses you.
The yak attacks as you move away! The yak gores you!
* * * LOW HITPOINT WARNING * * *
There is an open door here.
You feel better. The yak barely misses you.
Casting: Searing Ray (safe; 1% risk of failure)
Confirm with . or Enter, or press ? or * to list all spells.
Aiming: Searing Ray (safe; 1% risk of failure)
Press: ? - help, Shift-Dir - straight line, f - yak
Aim: a yak (90% to hit)
The searing ray hits the yak.
The yak is lightly wounded. (Press . to maintain the ray.)
The yak gores you but does no damage.
The searing ray misses the yak.
The yak gores you.
* * * LOW HITPOINT WARNING * * *
The searing ray hits the yak.
The yak is moderately wounded.
The yak gores you but does no damage.
The searing ray hits the yak.
The yak is moderately wounded.
You finish channelling your searing ray.
The yak completely misses you. The yak barely misses you.
Okay, then.
You feel protected. The yak gores you.
* * * LOW HITPOINT WARNING * * *
You feel very mighty all of a sudden. The yak gores you.
* * * LOW HITPOINT WARNING * * *
You closely miss the yak.
The yak is moderately wounded.
The yak gores you but does no damage.
You sock the yak!
Your tail-slap misses the yak.
The yak is severely wounded.
The yak gores you!
You die...

##.......#....#............>...
#>.∩.....#....#................
#........#....#................
#........#....#................
##......##....#................
#......##....#.....###########
#............#.....#..........
#............#.....#..........
#...........Y@.....'..........
#......##....#.....#...##....#
#########....#.....#...##[...#
#.....#.....#.........#
##....#.....#......<..#
##....#.....#.........#
#.....#.....#..§§.^...^
############....#.....+..§^^##...
...#......##....'.....####≈≈.^≈..


You could see a yak.

Vanquished Creatures
  Edmund (D:5)
  An ice beast (D:7)
  A black bear (D:5)
  2 sky beasts
  A centaur (D:7)
  A phantom (D:6)
  3 kobold brigands
  5 necrophages (D:5)
  2 water moccasin zombies (D:5)
  A scorpion (D:6)
  3 wights (D:6)
  A human zombie (D:5)
  6 jellies
  4 hounds
  2 sleepcaps
  3 iguanas
  2 orc wizards
  A scorpion zombie (D:5)
  A killer bee zombie (D:5)
  A hound zombie (D:5)
  A howler monkey zombie (D:5)
  An adder (D:2)
  A white imp (D:4)
  An ufetubus (D:5)
  4 worms
  6 dart slugs
  15 orcs
  4 bats
  4 endoplasms
  11 goblins
  7 hobgoblins
  3 quokkas
  5 ball pythons
  6 frilled lizards
  24 kobolds
  2 rats
137 creatures vanquished.

Vanquished Creatures (others)
  178 foxfires
178 creatures vanquished.

Grand Total: 315 creatures vanquished

Notes
Turn   | Place    | Note
-------+----------+-------------------------------------------
     0 | D:1      | Barriton the Draconian Conjurer began the quest for the
                  | Orb.
     0 | D:1      | Reached XP level 1. HP: 14/14 MP: 3/3
   219 | D:1      | Reached XP level 2. HP: 20/20 MP: 3/5
   222 | D:1      | Learned a level 2 spell: Searing Ray
   900 | D:1      | Found Lessoal's Weapon Emporium.
  1298 | D:2      | Reached XP level 3. HP: 26/26 MP: 1/6
  1804 | D:2      | Reached skill level 5 in Conjurations
  2541 | D:3      | Found a faded altar of an unknown god.
  2796 | D:3      | Reached XP level 4. HP: 33/33 MP: 4/7
  3070 | D:3      | Found Tuny's Weapon Shop.
  3691 | D:4      | Reached skill level 1 in Unarmed Combat
  3691 | D:4      | Reached XP level 5. HP: 38/38 MP: 1/9
  3904 | D:4      | Found a runed translucent gate.
  3906 | D:4      | Found a runed translucent gate.
  3906 | D:4      | Noticed BobG's ghost (amateur MiBe)
  3907 | D:4      | Found a runed translucent gate.
  4120 | D:4      | Found an ornate altar of the Wu Jian Council.
  4261 | D:5      | Entered Level 5 of the Dungeon
  4415 | D:5      | Found a snail-covered altar of Cheibriados.
  4527 | D:5      | Found a radiant altar of Vehumet.
  4672 | D:5      | Reached XP level 6. HP: 45/45 MP: 7/11
  4755 | D:5      | Found a staircase to the Ecumenical Temple.
  5365 | D:5      | Reached skill level 6 in Conjurations
  5413 | D:5      | Your scales start taking on a pale cyan-grey colour.
  5413 | D:5      | Reached XP level 7. HP: 42/50 MP: 6/13
  5413 | D:5      | Gained mutation: You are immune to the effects of steam.
                  | [Pale Draconian growth]
  5415 | D:5      | Learned a level 1 spell: Foxfire
  5462 | D:5      | Found an ancient bone altar of Kikubaaqudgha.
  5737 | D:5      | Reached skill level 1 in Fighting
  5878 | D:5      | Reached skill level 1 in Fire Magic
  5983 | D:5      | Reached skill level 5 in Spellcasting
  6260 | D:5      | Noticed Edmund
  6279 | D:5      | Killed Edmund
  6280 | D:5      | Reached XP level 8. HP: 8/60 MP: 10/15
  6718 | D:6      | Reached skill level 7 in Conjurations
  6922 | D:6      | Found a broken altar of Ashenzari.
  7136 | D:6      | Found a glowing silver altar of Zin.
  7875 | D:6      | Found Sicy's Mayhem Merchandise.
  8501 | D:7      | Found a stormy altar of Qazlal.
  9048 | D:7      | Reached XP level 9. HP: 67/67 MP: 12/18
  9144 | D:7      | Reached skill level 8 in Conjurations
  9279 | D:7      | Slain by a yak

Illustrated notes

Levels and vault maps discovered:
D:1:      grunt_arrival_crossed_arrows, layout_loops_ring, serial_shops,
          nicolae_lakefront_shop
D:2:      layout_basic
D:3:      layout_basic, ebering_ecumenical_altar_rust, serial_shops,
          nicolae_shop_bloodbath_and_beyond
D:4:      kennysheep_the_goblin_king, layout_cave_pools,
          mainiacjoe_overflow_brackets, biasface_ghost_orc_armoury
D:5:      layout_basic, nicolae_vehumet_radiance,
          lemuel_mausoleum_altar_kikubaaqudgha, cheibrodos_worm_habitat,
          minmay_temple_entry_crystal_x, uniq_edmund
D:6:      layout_gridville, nicolae_ashenzari_panopticon,
          mainiacjoe_overflow_cross_hatched, minmay_shop_mayhem,
          chequers_serial_rivers_micro_e, feat_on_display
D:7:      layout_gridville, grunt_qazlal_sundering, enter_bailey_1,
          small_statue_intersection
D:8:      layout_loops_corners, minmay_quadrilaterals

Skill      XL: |  1  2  3  4  5  6  7  8  9 |
---------------+----------------------------+-----
Stealth        | 2 3 |  3.5
Conjurations   | 5 6 7 8 |  8.1
Unarmed Combat | 1 2 |  2.5
Spellcasting   | 3 4 5 6 |  6.4
Dodging        | 2 3 |  3.7
Fighting       | 1 2 |  2.1
Fire Magic     | 1 3 |  3.9

Action                     |  1- 3 |  4- 6 |  7- 9 || total
---------------------------+-------+-------+-------++-------
  Melee: Unarmed           |    28 |    37 |    20 ||    85
         Tailslap          |     4 |     5 |     2 ||    11
         Punch             |     1 |       |       ||     1
         Quarterstaff      |       |       |     4 ||     4
   Cast: Magic Dart        |    96 |   106 |    48 ||   250
         Searing Ray       |       |     4 |    30 ||    34
         Foxfire           |       |       |   115 ||   115
    Use: Scroll            |     7 |     4 |     8 ||    19
         Potion            |       |       |     6 ||     6
 Armour: Skin              |     4 |    14 |    39 ||    57
  Dodge: Dodged            |    18 |    39 |    84 ||   141
